 Dungeon Sprint DCSS version 0.31.0-11-ge490571c62 (webtiles) character file.

Game seed: 4624974473701768760

232 Amaterasu the Grasshopper (level 5, -2/54 HPs)
             Began as a Troll Warper on Jan 28, 2024.
             Was an Initiate of Vehumet.
             Slain by a vampire (6 damage)
             ... in the Dungeon (Sprint IX: "|||||||||||||||||||||||||||||").
             The game lasted 00:01:28 (154 turns).

Amaterasu the Grasshopper (Troll Warper)             Turns: 154, Time: 00:01:29

Health: -2/54      AC:  5    Str: 24    XL:     5   Next: 73%
Magic:  8/8        EV: 11    Int:  9    God:    Vehumet [......]
Gold:   0          SH:  0    Dex:  9    Spells: 10/10 levels left

rFire   . . .        l - +2 morningstar (protect)
rCold   . . .        (no shield)
rNeg    . . .        b - +0 robe
rPois   .            (helmet restricted)
rElec   .            a - +0 cloak
rCorr   .            (gloves unavailable)
SInv    .            (boots unavailable)
Will    .....        (no amulet)
Stlth   +            m - +3 ring of strength
HPRegen 1.09/turn    n - +2 ring of evasion
MPRegen 0.11/turn

%: no teleportation
@: hasted, invisible, very quick
A: large, unfitting armour, claws 3, regeneration 1, shaggy fur 1, tough skin 1
a: Renounce Religion


You were in the Dungeon.
You worshipped Vehumet.
Vehumet was noncommittal.
You visited 1 branch

Inventory:

Hand Weapons
 l - a +2 morningstar of protection (weapon)
Missiles
 d - 7 darts of dispersal (quivered)
Armour
 a - a +0 cloak (worn)
 b - a +0 robe (worn)
Jewellery
 m - a +3 ring of strength (left claw)
 n - a +2 ring of evasion (right claw)
Wands
 k - a wand of roots (10)
Scrolls
 c - 3 scrolls of blinking
 j - 2 scrolls of amnesia
Potions
 e - 5 potions of curing
 f - a potion of heal wounds
 h - 4 potions of magic


   Skills:
 * Level 4.1 Fighting
 * Level 5.2 Maces & Flails
 - Level 0.8 Throwing
 - Level 1.9 Dodging
 * Level 3.2 Spellcasting
 * Level 6.6 Translocations


You had 10 spell levels left.
You didn't know any spells.
Your spell library contained the following spells:

 Spells                   Type           Power      Damage    Failure   Level
 Blink                    Tloc           26%        N/A       2%          2
 Lesser Beckoning         Tloc           26%        N/A       2%          2
 Teleport Other           Tloc           13%        N/A       5%          3
 Manifold Assault         Tloc           13%        N/A       19%         4
 Vhi's Electric Charge    Tloc/Air       14%        N/A       58%         4


Dungeon Overview and Level Annotations

Branches:
Dungeon (1/1)

Altars:
Cheibriados
Dithmenos
Elyvilon
Fedhas
Gozag
Hepliaklqana
Kikubaaqudgha
Makhleb
Nemelex Xobeh
Okawaru
Qazlal
Ru
Sif Muna
Trog
Uskayaw
Vehumet
Wu Jian
Xom
Yredelemnul
Zin
The Shining One
Jiyva
Lugonu


Innate Abilities, Weirdness & Mutations

You are too large for most types of armour.
You have claws for hands.
Your natural rate of healing is unusually fast.
You are covered in fur. (AC +1)
You have tough skin. (AC +1)


Message History

Something draws strength from your injuries!
You miss something. Something hits you!
* * * LOW HITPOINT WARNING * * *
Something bites you.
* * * LOW HITPOINT WARNING * * *
Something draws strength from your injuries!
You barely miss something. Something hits you but does no damage.
Something bites you but does no damage.
You feel much better.
You hit something.
Your weapon exudes an aura of protection.
Something hits you but does no damage. Something bites you.
Something draws strength from your injuries!
You miss something. Something hits you but does no damage. Something bites you.
Something draws strength from your injuries!
The orc warrior throws a boomerang.
The boomerang barely misses the troll.
You closely miss something. Something hits you but does no damage.
Something completely misses you.
You closely miss something.
A vampire appears from thin air!
Reactivating autopickup.
The vampire casts a spell.
The vampire flickers and vanishes!
Deactivating autopickup; reactivate with Ctrl-A.
You closely miss something. Something hits you.
Something bites you but does no damage.
The orc warrior throws a boomerang.
The boomerang closely misses the troll.
You closely miss something. You closely miss something. Something hits you.
Something bites you.
Something draws strength from your injuries!
You completely miss something. Something hits you. Something bites you!
* * * LOW HITPOINT WARNING * * *
Something draws strength from your injuries!
You barely miss something. Something hits you but does no damage.
Something bites you.
* * * LOW HITPOINT WARNING * * *
Something draws strength from your injuries!
You completely miss something. Something hits you.
* * * LOW HITPOINT WARNING * * *
Something bites you.
You die...

▓.▓
▓)▓
▓.▓
▓[▓
▓.▓
▓[▓
▓.▓
▓.▓
▓@▓
▓{▓
▓T▓
▓o▓
▓y▓
▓D▓
▓.▓
▓+▓


You could see a troll (unable to see you), a steam dragon (unable to see you),
an orc warrior (unable to see you) and a killer bee (unable to see you).

Vanquished Creatures
  A centaur (D)
  A scorpion (D)
  A hound (D)
  A jelly (D)
  An orc wizard (D)
  An adder (D)
  An endoplasm (D)
  A giant cockroach (D)
  A kobold (D)
  A ball python (D)
  A frilled lizard (D)
11 creatures vanquished.

Notes
Turn   | Place    | Note
-------+----------+-------------------------------------------
     0 | D        | Amaterasu the Troll Warper began the quest for the Orb.
     0 | D        | Reached XP level 1. HP: 19/19 MP: 1/1
    35 | D        | Noticed an orc wizard
    35 | D        | Noticed a hound
    35 | D        | Noticed a jelly
    35 | D        | Noticed a scorpion
    41 | D        | Killed an orc wizard
    42 | D        | Reached skill level 4 in Translocations
    42 | D        | Reached XP level 2. HP: 29/29 MP: 4/4
    42 | D        | Reached XP level 3. HP: 36/36 MP: 5/5
    48 | D        | Reached XP level 4. HP: 44/44 MP: 6/6
    50 | D        | Reached skill level 5 in Translocations
    57 | D        | Killed a scorpion
    58 | D        | Reached skill level 6 in Translocations
    58 | D        | Reached XP level 5. HP: 23/53 MP: 6/8
    64 | D        | Found a snail-covered altar of Cheibriados.
    64 | D        | Found a shadowy altar of Dithmenos.
    64 | D        | Found a white marble altar of Elyvilon.
    64 | D        | Found a blossoming altar of Fedhas.
    64 | D        | Found an opulent altar of Gozag.
    65 | D        | Found a hazy altar of Hepliaklqana.
    66 | D        | Found a viscous altar of Jiyva.
    67 | D        | Found an ancient bone altar of Kikubaaqudgha.
    68 | D        | Found a corrupted altar of Lugonu.
    69 | D        | Found a burning altar of Makhleb.
    70 | D        | Found a sparkling altar of Nemelex Xobeh.
    71 | D        | Found an iron altar of Okawaru.
    72 | D        | Found a stormy altar of Qazlal.
    73 | D        | Found a sacrificial altar of Ru.
    74 | D        | Found a shimmering blue altar of Sif Muna.
    75 | D        | Found a bloodstained altar of Trog.
    76 | D        | Found a hide-covered altar of Uskayaw.
    77 | D        | Found a radiant altar of Vehumet.
    78 | D        | Found an ornate altar of the Wu Jian Council.
    79 | D        | Found a shimmering altar of Xom.
    80 | D        | Found a basalt altar of Yredelemnul.
    81 | D        | Found a glowing silver altar of Zin.
    82 | D        | Found a glowing golden altar of the Shining One.
    85 | D        | Became a worshipper of Vehumet
   118 | D        | Noticed a centaur
   118 | D        | Noticed a vampire
   118 | D        | Noticed an orc warrior
   118 | D        | Noticed a troll
   118 | D        | Noticed a steam dragon
   125 | D        | Killed a centaur
   126 | D        | Reached skill level 5 in Maces & Flails
   154 | D        | Slain by a vampire

Illustrated notes

Levels and vault maps discovered:
D:        linesprint [early_d, line_temple, items_1, d_10, items_2, lair_1,
          lair_end, items_3, orc_1, orc_end, items_4, d_15, swamp_1, shoals_1,
          snake_1, spider_1, d_20, vaults_1, items_5, swamp_end, shoals_end,
          snake_end, spider_end, vaults_end, d_27, items_6, zot_1, zot_end,
          crypt_end, forest_end, elf_end, slime_end, tomb_end, abyss_end,
          pan_hell_end]

Skill      XL: |  1  2  3  4  5 |
---------------+----------------+-----
Maces & Flails | 2 3 4 5 |  5.2
Fighting       | 2 3 4 |  4.1
Spellcasting   | 2 3 |  3.2
Translocations | 4 6 |  6.6
Throwing       | |  0.8
Dodging        | |  1.9

Action                     |  1- 3 |  4- 6 || total
---------------------------+-------+-------++-------
  Melee: Mace              |    32 |     8 ||    40
         Morningstar       |       |    31 ||    31
    Use: Potion            |     1 |     4 ||     5
 Armour: Robe              |    18 |    61 ||    79
  Dodge: Dodged            |    14 |    13 ||    27
